 Dungeon Crawl Stone Soup version 0.26-a0-854-gdc81c2f471 (webtiles) character file.

Game seed: 17713830603361326389

84 mhtbhm the Shield-Bearer (level 4, -1/28 HPs)
             Began as a Gargoyle Fighter on Nov 22, 2020.
             Was a Follower of Elyvilon.
             Killed by divine providence
             ... invoked by an orc priest
              (13 damage)
             ... on level 3 of the Dungeon.
             The game lasted 00:02:32 (1793 turns).

mhtbhm the Shield-Bearer (Gargoyle Fighter)         Turns: 1793, Time: 00:02:33

Health: -1/28      AC: 15    Str: 20    XL:     4   Next: 46%
Magic:  4/4        EV:  3    Int:  9    God:    Elyvilon [*.....]
Gold:   129        SH:  9    Dex:  9    Spells: 3/3 levels left

rFire    . . .     SeeInvis .   a - +1 flail
rCold    . . .     Faith    .   c - +0 kite shield
rNeg     + . .     Spirit   .   b - +0 plate armour
rPois    ∞         Reflect  .   (no helmet)
rElec    +         Harm     .   (no cloak)
rCorr    .         Rampage  .   (no gloves)
MR       .....                  (no boots)
Stlth    ..........             (no amulet)
HPRegen  0.09/turn              (no ring)
MPRegen  0.09/turn              (no ring)

@: no status effects
A: negative energy resistance 1, electricity resistance, unbreathing,
petrification resistance, rot immunity, AC +3
a: Lesser Healing, Divine Protection, Renounce Religion


You were on level 3 of the Dungeon.
You worshipped Elyvilon.
Elyvilon was aware of your devotion.
You visited 1 branch of the dungeon, and saw 3 of its levels.

You collected 129 gold pieces.

Inventory:

Hand Weapons
 a - a +1 flail (weapon)
Armour
 b - a +0 plate armour (worn)
 c - a +0 kite shield (worn)
Jewellery
 m - an uncursed ring of ice
Scrolls
 j - a scroll of blinking
 k - a scroll of fog
 o - a scroll of teleportation
Potions
 d - 2 potions of might
 e - 5 potions of curing
 g - a potion of heal wounds
 h - 2 potions of haste
 n - a potion of ambrosia


   Skills:
 + Level 3.5 Fighting
 + Level 3.2 Maces & Flails
 + Level 3.8 Armour
 + Level 0.2 Dodging
 + Level 0.1 Stealth
 + Level 4.0 Shields


You had 3 spell levels left.
You didn't know any spells.
Your spell library was empty.

Dungeon Overview and Level Annotations

Branches:
Dungeon (3/15)

Altars:
Elyvilon
Okawaru


Innate Abilities, Weirdness & Mutations

You are resistant to torment.
Your stone body is resilient. (AC +3)
You are immune to poison.
You resist negative energy. (rN+)
You are resistant to electric shocks. (rElec)
You can survive without breathing.
You are immune to petrification.
You are immune to rotting.


Message History

The orc wizard gestures wildly while chanting.
The orc wizard blinks!
You hit the orc but do no damage.
The orc is almost dead.
The orc hits you but does no damage.
You hit the orc.
You kill the orc!
The orc throws a poisoned dart.
You block the poisoned dart.
You sock the orc priest!
The orc priest is severely wounded.
The orc priest looks encouraged for a moment.
You barely miss the orc priest.
The orc priest is severely wounded.
You block the orc priest's attack.
The orc priest hits you but does no damage.
You barely miss the orc priest.
The orc priest is severely wounded.
The orc priest calls down the wrath of Beogh upon you.
Beogh smites you!
You die...

#. # #.# #######
.#.. ....... # ...
....... #.####.##
.......
........#####.......
..........@ooo......
..###...###........
#.#.# #........
#.#.###........
#.#..##........
#.##.##........ #.
#†##...#'### ..
#.####.#.##
####..###.....


You could see an orc priest, an orc wizard and an orc.

Vanquished Creatures
  Natasha (D:3)
  An ooze (D:2)
  2 dart slugs
  4 leopard geckos
  2 orcs (D:3)
  A ball python (D:1)
  A giant cockroach (D:1)
  7 goblins
  6 hobgoblins
  3 bats
  4 frilled lizards (D:1)
  8 kobolds
  4 rats
44 creatures vanquished.

Notes
Turn   | Place    | Note
-------+----------+-------------------------------------------
     0 | D:1      | mhtbhm the Gargoyle Fighter began the quest for the Orb.
     0 | D:1      | Reached XP level 1. HP: 14/14 MP: 1/1
   123 | D:1      | Reached XP level 2. HP: 19/19 MP: 2/2
   413 | D:1      | Reached XP level 3. HP: 20/23 MP: 3/3
   903 | D:2      | Found a faded altar of an unknown god.
   959 | D:2      | Found a white marble altar of Elyvilon.
   972 | D:2      | Became a worshipper of Elyvilon the Healer
  1195 | D:2      | Found an iron altar of Okawaru.
  1542 | D:3      | Reached XP level 4. HP: 28/28 MP: 4/4
  1576 | D:3      | Reached * piety under Elyvilon
  1579 | D:3      | Noticed Natasha
  1596 | D:3      | Killed Natasha
  1597 | D:3      | Reached skill level 4 in Shields
  1793 | D:3      | Killed from afar by an orc priest

Illustrated notes

Levels and vault maps discovered:
D:1:      lightli_arrival_statuegarden, layout_loops_ring, minmay_tiny_reverse_x
D:2:      wander_river, layout_basic, elyvilon_altar_3, general_overflow_altar,
          chequers_ecumenical_altar_grove, minmay_fountain_box, minivault_4,
          hex_intersection
D:3:      layout_basic, grunt_temple_overflow_gold_and_silver, uniq_natasha

Skill      XL: |  1  2  3  4 |
---------------+-------------+-----
Maces & Flails | 3 |  3.2
Shields        | 4 |  4.0
Fighting       | |  3.5
Armour         | |  3.8
Dodging        | |  0.2
Stealth        | |  0.1

Action                   |  1- 3 |  4- 6 || total
-------------------------+-------+-------++-------
Melee: Flail             |   125 |    25 ||   150
  Use: Scroll            |    11 |       ||    11
Armor: Scale mail        |    28 |       ||    28
       Plate armour      |    41 |    27 ||    68
Dodge: Dodged            |    31 |     4 ||    35
Block: Kite shield       |    69 |    15 ||    84

Table legend: (Time is in decaauts)
 A = Elapsed time spent in this place.
 B = Non-inter-level travel time spent in this place.
 C = Inter-level travel time spent in this place.
 D = Time resting spent in this place.
 E = Time spent auto-exploring this place.
 F = Levels seen in this place.
 G = Mean time per level.
                   A        B        C        D        E       F      G
               +--------+--------+--------+--------+--------+-----+--------+
         Total |   1869 |   1854 |     15 |      0 |   1425 |   3 |  623.0 |
       Dungeon |   1869 |   1854 |     15 |      0 |   1425 |   3 |  623.0 |
               +--------+--------+--------+--------+--------+-----+--------+

Top non-repeatable levels by time:
     D:2: 781 daAuts
     D:1: 766 daAuts
     D:3: 321 daAuts
